 Dungeon Crawl Stone Soup version 0.21-a0-442-g848f44b (webtiles) character file.

372 slep the Skirmisher (level 6, 0/47 HPs)
             Began as a Demonspawn Wanderer on Nov 14, 2017.
             Slain by Edmund
             ... wielding a +2 dire flail of protection
              (7 damage)
             ... on level 4 of the Dungeon.
             The game lasted 00:15:38 (2084 turns).

slep the Skirmisher (Demonspawn Wanderer)           Turns: 2084, Time: 00:15:38

Health: 0/47       AC:  5    Str: 12 (15) XL:     6   Next: 43%
Magic:  6/6        EV:  9    Int: 14 (16) God:
Gold:   198        SH:  8    Dex: 11 (12) Spells: 5/5 levels left

rFire    . . .     SeeInvis .   x - +0 falchion
rCold    + . .     Gourm    .   a - +0 shield
rNeg     . . .     Faith    .   n - +0 ring mail
rPois    .         Spirit   .   (helmet restricted)
rElec    .         Reflect  .   (no cloak)
rCorr    .         Harm     .   (no gloves)
MR       .....                  (no boots)
Stlth    +.........             q - amulet of regeneration
HPRegen  0.55/turn              B - ring of flight (curse)
MPRegen  0.10/turn              C - +5 ring of intelligence

@: hasted, very quick
A: antennae 2, clumsy 1, cold resistance 1, frail 1, sense surroundings 1,
sturdy frame 1
a: Evoke Flight


You were on level 4 of the Dungeon.
You were not hungry.

You visited 1 branch of the dungeon, and saw 4 of its levels.

You collected 198 gold pieces.

Inventory:

Hand Weapons
 b - a +0 hand axe
 h - a +1 dagger of venom
 j - a +0 mace
 x - a +0 falchion (weapon)
Armour
 a - a +0 shield (worn)
 d - a +0 robe
 n - a +0 ring mail (worn)
 D - a +0 pair of boots
Jewellery
 q - an amulet of regeneration (around neck)
 B - a cursed ring of flight (left hand)
 C - a +5 ring of intelligence (right hand)
Wands
 A - a wand of flame (24/48)
Scrolls
 e - 2 scrolls of identify {unknown}
 i - 2 scrolls of magic mapping {unknown}
 l - 2 scrolls of recharging {unknown}
 s - a scroll of remove curse {unknown}
 u - 2 scrolls of amnesia {unknown}
 v - a scroll of fog {unknown}
 y - a scroll of blinking {unknown}
Potions
 c - 2 potions of lignification
 g - a potion of mutation
 z - a potion of curing {unknown}
Comestibles
 f - 2 bread rations
 m - 4 fruits
 t - a chunk of flesh
 w - a royal jelly


   Skills:
 + Level 6.9 Fighting
 + Level 2.8 Maces & Flails
   Level 1.0 Crossbows
 + Level 2.5 Armour
 + Level 1.5 Dodging
 + Level 3.1 Shields


You had 5 spell levels left.
You didn't know any spells.

Dungeon Overview and Level Annotations

Branches:
Dungeon (4/15)
 Temple: D:4-7

Altars:

Annotations:
D:4 Edmund


Innate Abilities, Weirdness & Mutations

You have a pair of antennae on your head.
Your movements are slightly less encumbered by armour. (ER -2)
You are clumsy. (Dex -2)
Your flesh is cold resistant. (rC+)
You are frail. (-10% HP)
You passively map a small area around you.


Message History

You barely miss Edmund.
Edmund is moderately wounded.
Edmund hits you with a dire flail of protection.
You hit Edmund but do no damage.
Edmund is moderately wounded.
You hit Edmund but do no damage.
Edmund is moderately wounded.
Edmund hits you with a dire flail of protection.
* * * LOW HITPOINT WARNING * * *
You hit Edmund but do no damage.
Edmund is moderately wounded.
Edmund hits you with a dire flail of protection!
* * * LOW HITPOINT WARNING * * *
You closely miss Edmund.
Edmund is moderately wounded.
You block Edmund's attack.
You barely miss Edmund.
Edmund is moderately wounded.
Edmund hits you with a dire flail of protection!
You die...

#. #...........#
?###...........##
#.#.............#
#.#............##
#.............#
#.............#
##............#
#...........@#
##..........@#
#............#
##..........##
##..#.....####
##..####..##
####.### #...#
.#..## ##..#
...## . ..##


You could see Edmund.

Vanquished Creatures
  An ogre (D:4)
  A hound (D:4)
  An iguana (D:4)
  3 worker ants (D:4)
  A hound skeleton (D:4)
  2 gnolls (D:1)
  3 adders
  4 oozes
  A worm (D:2)
  A dart slug (D:2)
  2 leopard geckos
  2 orcs
  8 bats
  A giant cockroach (D:4)
  9 goblins
  9 hobgoblins
  5 jackals
  10 kobolds
  2 quokkas
  3 frilled lizards
  14 rats
83 creatures vanquished.

Notes
Turn   | Place    | Note
-------+----------+-------------------------------------------
     0 | D:1      | slep the Demonspawn Wanderer began the quest for the Orb.
     0 | D:1      | slep set off with: a +0 shield, a +0 hand axe, a potion of lignification, a +0 robe, a bread ration
     0 | D:1      | Reached XP level 1. HP: 22/22 MP: 1/1
   133 | D:1      | Gained mutation: Your movements are slightly less encumbered by armour. (ER -2) [demonic ancestry]
   133 | D:1      | Reached XP level 2. HP: 24/29 MP: 2/2
   371 | D:1      | Gained mutation: You have a pair of small antennae on your head. [demonic ancestry]
   371 | D:1      | Reached XP level 3. HP: 22/35 MP: 3/3
   565 | D:2      | Reached skill level 1 in Maces & Flails
   758 | D:2      | Reached XP level 4. HP: 31/41 MP: 4/4
  1062 | D:2      | Found a faded altar of an unknown god.
  1676 | D:4      | Reached XP level 5. HP: 15/47 MP: 5/5
  1731 | D:4      | Noticed an ogre
  1745 | D:4      | Reached skill level 1 in Dodging
  1755 | D:4      | Killed an ogre
  1786 | D:4      | Gained mutation: You have a pair of antennae on your head. [demonic ancestry]
  1786 | D:4      | Reached XP level 6. HP: 28/53 MP: 6/6
  2046 | D:4      | Noticed Edmund
  2066 | D:4      | Gained mutation: Your flesh is cold resistant. (rC+) [potion of mutation]
  2066 | D:4      | Gained mutation: You are frail. (-10% HP) [potion of mutation]
  2066 | D:4      | Gained mutation: You are clumsy. (Dex -2) [potion of mutation]
  2066 | D:4      | Gained mutation: You passively map a small area around you. [potion of mutation]
  2084 | D:4      | Slain by Edmund

Vault maps used:
D:1:      minmay_arrival_cross
D:2:      serial_bayou, serial_bayou_shore_a, serial_bayou_lagoon_b,
          serial_bayou_pond_b, serial_bayou_pond_b,
          chequers_ecumenical_altar_twisty, minmay_tetromino_t4
D:4:      first_bread, uniq_grinder, uniq_edmund

Skill      XL: |  1  2  3  4  5  6 |
---------------+-------------------+-----
Maces & Flails | 1 2 |  2.8
Shields        | 2 3 |  3.1
Dodging        | 1 |  1.5
Armour         | 2 |  2.5
Fighting       | |  6.9
Crossbows      | |  1.0

Action                   |  1- 3 |  4- 6 || total
-------------------------+-------+-------++-------
Melee: Dagger            |    20 |       ||    20
       Hand axe          |     1 |       ||     1
       Mace              |    86 |   228 ||   314
       Falchion          |       |    18 ||    18
  Use: Potion            |       |     6 ||     6
  Eat: Chunk             |       |     5 ||     5
Armor: Robe              |     8 |       ||     8
       Ring mail         |    19 |   105 ||   124
       Skin              |       |    15 ||    15
Dodge: Dodged            |    40 |   134 ||   174
Block: Shield            |    55 |   160 ||   215
       Rpst.: Falchion   |       |     2 ||     2

Table legend:
 A = Spawn XP
 B = Non-spawn XP
 C = Spawn XP percentage of total XP
 D = Spawn monster count
 E = Non-spawn monster count
 F = Spawn count percentage of total count
 G = Total turns spent on level
                    A         B        C        D         E        F      G
               +---------+---------+-------+---------+---------+-------+---------
         Total |       0 |     532 |   0.0 |       0 |      83 |   0.0 |  2084
               +---------+---------+-------+---------+---------+-------+---------
           D:1 |       0 |      58 |   0.0 |       0 |      17 |   0.0 |   521
           D:2 |       0 |      83 |   0.0 |       0 |      39 |   0.0 |   988
           D:3 |       0 |      37 |   0.0 |       0 |      14 |   0.0 |   140
           D:4 |       0 |     354 |   0.0 |       0 |      13 |   0.0 |   435
               +---------+---------+-------+---------+---------+-------+---------
